 Dungeon Crawl Stone Soup version 0.25-a0-339-gb37b713 (webtiles) character file.

Game seed: 17621362792742808977, levelgen mode: deterministic

2661 Auros the Ruffian (level 9, 0/85 HPs)
             Began as a Troll Warper on Dec 28, 2019.
             Was a Follower of Yredelemnul.
             Slain by a two-headed ogre
             ... wielding a +0 dire flail
              (4 damage)
             ... on level 8 of the Dungeon.
             The game lasted 00:31:27 (6255 turns).

Auros the Ruffian (Troll Warper)                    Turns: 6255, Time: 00:31:28

Health: 0/85       AC:  6    Str: 23    XL:     9   Next: 36%
Magic:  5/12       EV: 11    Int:  9    God:    Yredelemnul [*.....]
Gold:   375        SH:  0    Dex: 10    Spells: 7/14 levels left

rFire    . . .     SeeInvis .     - Unarmed
rCold    . . .     Gourm    +   (no shield)
rNeg     . . .     Faith    .   a - +0 robe
rPois    .         Spirit   .   (helmet restricted)
rElec    .         Reflect  .   (no cloak)
rCorr    .         Harm     .   (gloves unavailable)
MR       .....                  (boots unavailable)
Stlth    +.........             h - amulet of magic regeneration
HPRegen  0.64/turn              (no ring)
MPRegen  0.38/turn              (no ring)

@: very slightly contaminated
A: large, unfitting armour, claws 3, fast metabolism 3, gourmand, regeneration
1, shaggy fur 1, tough skin 3
a: Animate Remains, Renounce Religion


You were on level 8 of the Dungeon.
You worshipped Yredelemnul.
Yredelemnul was aware of your devotion.
You were hungry.

You visited 2 branches of the dungeon, and saw 9 of its levels.

You collected 375 gold pieces.

Inventory:

Missiles
 b - 7 boomerangs (quivered)
 e - 167 arrows
 r - 58 bolts
 x - a javelin
 y - 16 sling bullets
 Z - 236 stones
Armour
 a - a +0 robe (worn)
Jewellery
 h - an amulet of magic regeneration (around neck)
 F - an uncursed amulet of regeneration {unknown}
Wands
 s - a wand of scattershot (6)
 E - a wand of disintegration (14)
Scrolls
 c - a scroll of remove curse
 f - 7 scrolls of magic mapping
 i - 4 scrolls of identify
 j - a scroll of fog {unknown}
 k - 4 scrolls of blinking
 n - 2 scrolls of enchant weapon {unknown}
 p - a scroll of amnesia {unknown}
 q - a scroll of acquirement {unknown}
 t - 5 scrolls of teleportation
 w - 2 scrolls of fear {unknown}
Potions
 d - a potion of might
 g - 2 potions of brilliance
 l - 2 potions of haste {unknown}
 m - a potion of berserk rage
 o - a potion of invisibility {unknown}
 u - 2 potions of heal wounds {unknown}
 v - a potion of mutation {unknown}
 A - a potion of cancellation {unknown}
 B - 2 potions of flight {unknown}
 C - a potion of degeneration {unknown}
 D - 3 potions of curing
Comestibles
 z - 16 rations


   Skills:
 + Level 4.3 Fighting
 - Level 3.0 Throwing
 + Level 5.1 Dodging
 + Level 6.1 Unarmed Combat
 + Level 3.2 Spellcasting
 + Level 4.2 Translocations
 + Level 3.3 Invocations


You had 7 spell levels left.
You knew the following spells:

 Your Spells              Type           Power        Failure   Level  Hunger
a - Blink                 Tloc           N/A          8%          2    ###....
b - Shroud of Golubria    Chrm/Tloc      #.....       19%         2    ###....
c - Teleport Other        Tloc           #.......     16%         3    ####...

Your spell library contained the following spells:

 Spells                   Type           Power        Failure   Level  Hunger
 Gell's Gravitas          Tloc           #.........   16%         3    ####...
 Lesser Beckoning         Tloc           #.........   16%         3    ####...
 Corona                   Hex            #......      30%         1    ##.....
 Portal Projectile        Hex/Tloc       #.....       36%         3    ####...
 Slow                     Hex            #.......     41%         2    ###....
 Passage of Golubria      Tloc           N/A          45%         4    #####..
 Inner Flame              Hex/Fire       #.......     65%         3    ####...
 Cause Fear               Hex            #.........   96%         4    #####..
 Leda's Liquefaction      Hex/Erth       #.........   96%         4    #####..


Dungeon Overview and Level Annotations

Branches:
Dungeon (8/15)             Temple (1/1) D:4
   Lair: D:8-11

Altars:
Ashenzari
Cheibriados
Dithmenos
Elyvilon
Fedhas
Gozag
Hepliaklqana
Kikubaaqudgha
Makhleb
Nemelex Xobeh
Okawaru
Ru
Sif Muna
Trog
Uskayaw
Vehumet
Wu Jian
Xom
Yredelemnul
Zin
The Shining One

Annotations:
D:3 3 runed translucent doors, doctagon's ghost, amateur OpIE; doctagon's ghost, amateur OpMo
D:6 2 runed translucent doors, TheGoonsmith's ghost, novice FoFi


Innate Abilities, Weirdness & Mutations

You are too large for most types of armour.
You have claws for hands.
Your metabolism is lightning-fast.
You like to eat raw meat.
Your natural rate of healing is unusually fast.
You are covered in fur. (AC +1)
You have extremely tough skin. (AC +3)


Message History

Aim: a two-headed ogre, wielding a +0 dire flail and a +0 giant club (chance to defeat MR: 27%)
The two-headed ogre easily resists.
The two-headed ogre hits you with a +0 dire flail!!
* * * LOW HITPOINT WARNING * * *
The two-headed ogre hits you with a +0 giant club!
* * * LOW HITPOINT WARNING * * *
Casting: Teleport Other (safe; 16% risk of failure)
Confirm with . or Enter, or press ? or * to list all spells.
You blink.
Casting: Blink (safe; 8% risk of failure)
Confirm with . or Enter, or press ? or * to list all spells.
You blink.
You are feeling hungry.
There is a stone staircase leading up, spattered with blood here.
You see here an arrow.
The two-headed ogre hits you with a +0 dire flail!
* * * LOW HITPOINT WARNING * * *
The two-headed ogre hits you with a +0 giant club.
You die...
Your body rises from the dead as a mindless zombie.

##########
#........#
###.######.#
#.###.....#
#...)<....#
#####O....#
+@....#
#.....####
#........#
#.....##.#
#.....# #
#.....#
###.### #.#
...


You could see a two-headed ogre.

Vanquished Creatures
  Prince Ribbit (D:7)
  A soldier ant (D:6)
  An ice beast (D:6)
  2 orc warriors
  A black bear (D:5)
  2 phantoms
  3 sky beasts
  An ogre (D:6)
  A necrophage (D:6)
  2 centaurs
  Blork the orc (D:4)
  A scorpion (D:5)
  A howler monkey (D:4)
  3 crimson imps
  4 hounds
  A jelly (D:2)
  2 orc priests (D:6)
  6 orc wizards
  An iguana (D:4)
  Ijyb (D:5)
  Natasha (D:4)
  6 worker ants
  3 hound skeletons
  3 gnolls (D:7)
  3 adders
  A shadow imp (D:7)
  An ooze (D:5)
  An adder skeleton (D:4)
  3 worms
  3 dart slugs
  4 leopard geckos
  17 orcs
  3 giant cockroaches
  7 goblins
  12 hobgoblins
  5 jackals (D:3)
  7 kobolds
  A quokka (D:6)
  7 bats
  5 frilled lizards
  5 rats
134 creatures vanquished.

Vanquished Creatures (collateral kills)
  A spriggan (D:7)
  A bullfrog (D:7)
  An orc (D:7)
3 creatures vanquished.

Vanquished Creatures (others)
  2 orc zombies
  A withered plant (D:3)
3 creatures vanquished.

Grand Total: 140 creatures vanquished

Notes
Turn   | Place    | Note
-------+----------+-------------------------------------------
     0 | D:1      | Auros the Troll Warper began the quest for the Orb.
     0 | D:1      | Reached XP level 1. HP: 19/19 MP: 1/1
   107 | D:1      | Reached skill level 1 in Throwing
   135 | D:1      | Reached XP level 2. HP: 28/28 MP: 3/3
   497 | D:1      | Reached XP level 3. HP: 35/35 MP: 4/4
   541 | D:2      | Reached skill level 3 in Unarmed Combat
   630 | D:2      | Found a blossoming altar of Fedhas.
   953 | D:2      | Reached XP level 4. HP: 42/42 MP: 5/5
  1374 | D:3      | Reached XP level 5. HP: 46/49 MP: 6/6
  1505 | D:3      | Found a runed translucent gate.
  1505 | D:3      | Found a runed translucent gate.
  1505 | D:3      | Found a runed translucent gate.
  1506 | D:3      | Noticed doctagon's ghost (amateur OpIE)
  1507 | D:3      | Noticed doctagon's ghost (amateur OpMo)
  1741 | D:3      | Learned a level 2 spell: Blink
  1791 | D:3      | Learned a level 2 spell: Shroud of Golubria
  2178 | D:4      | Reached skill level 4 in Unarmed Combat
  2207 | D:4      | Noticed a phantom
  2223 | D:4      | Killed a phantom
  2223 | D:4      | Reached XP level 6. HP: 39/57 MP: 3/7
  2407 | D:4      | Noticed Natasha
  2408 | D:4      | Killed Natasha
  2433 | D:4      | Noticed a sky beast
  2437 | D:4      | Killed a sky beast
  2537 | D:4      | Reached XP level 7. HP: 58/66 MP: 8/8
  2559 | D:4      | Noticed Blork the orc
  2568 | D:4      | Killed Blork the orc
  2898 | D:4      | Found a staircase to the Ecumenical Temple.
  2913 | Temple   | Entered the Ecumenical Temple
  3021 | Temple   | Became a worshipper of Yredelemnul the Dark
  3157 | D:5      | Entered Level 5 of the Dungeon
  3279 | D:5      | Reached skill level 1 in Invocations
  3322 | D:5      | Reached XP level 8. HP: 53/75 MP: 7/10
  3423 | D:5      | Reached skill level 5 in Unarmed Combat
  3540 | D:5      | Noticed Ijyb
  3550 | D:5      | Killed Ijyb
  3796 | D:5      | Found a sand-covered staircase.
  4320 | D:6      | Reached * piety under Yredelemnul
  4419 | D:6      | Found a sacrificial altar of Ru.
  4507 | D:6      | Found a large runed translucent door.
  4507 | D:6      | Found a large runed translucent door.
  4511 | D:6      | Noticed TheGoonsmith's ghost (novice FoFi)
  5340 | D:7      | Reached XP level 9. HP: 72/84 MP: 10/12
  5545 | D:7      | Found an iron altar of Okawaru.
  5546 | D:7      | Found a bloodstained altar of Trog.
  5878 | D:7      | Reached skill level 5 in Dodging
  5878 | D:7      | Reached skill level 6 in Unarmed Combat
  6029 | D:7      | Found a snail-covered altar of Cheibriados.
  6029 | D:7      | Found a white marble altar of Elyvilon.
  6030 | D:7      | Found a shattered altar of Ashenzari.
  6183 | D:8      | Noticed Prince Ribbit
  6207 | D:7      | Killed Prince Ribbit
  6213 | D:7      | Learned a level 3 spell: Teleport Other
  6232 | D:8      | Noticed a two-headed ogre
  6240 | D:8      | HP: 2/85 [two-headed ogre/+0 dire flail (9)]
  6255 | D:8      | HP: 4/85 [two-headed ogre/+0 dire flail (8)]
  6255 | D:8      | Slain by a two-headed ogre

Levels and vault maps discovered:
D:1:      mrwooster_arrival_statue, layout_basic
D:2:      layout_loops_cross, fedhas_altar_1
D:3:      layout_loops_corners, gammafunk_ghost_cemetery
D:4:      minmay_inner_zag, layout_basic, minmay_temple_entry_statues_fountains,
          minmay_diced_spiral, uniq_blork_the_orc, uniq_natasha
D:5:      layout_cave_pods, nicolae_ossuary_entry_monument, first_ration,
          uniq_ijyb
D:6:      layout_gridville, ebering_ghost_disaster_area, nicolae_ru_awakened_eye
D:7:      layout_basic, grunt_temple_overflow_bloody_war,
          gammafunk_temple_overflow_claw, the_bakery
D:8:      layout_basic, uniq_prince_ribbit1
Temple:   lightli_temple_of_artemis

Skill      XL: |  1  2  3  4  5  6  7  8  9 |
---------------+----------------------------+-----
Throwing       | 1 2 3 |  3.0
Dodging        | 2 3 4 5 |  5.1
Unarmed Combat | 3 4 5 6 |  6.1
Fighting       | 2 3 4 |  4.3
Spellcasting   | 2 3 |  3.2
Translocations | 3 4 |  4.2
Invocations    | 1 2 3 |  3.3

Action                   |  1- 3 |  4- 6 |  7- 9 || total
-------------------------+-------+-------+-------++-------
Melee: Unarmed           |    65 |   111 |   242 ||   418
       Punch             |       |     2 |     8 ||    10
Throw: Boomerang         |     5 |       |       ||     5
       Stone             |    66 |    17 |    45 ||   128
       Javelin           |       |    26 |    17 ||    43
 Cast: Shroud of Golubri |       |     1 |    10 ||    11
       Blink             |       |       |     4 ||     4
       Teleport Other    |       |       |     3 ||     3
Invok: Animate Remains   |       |       |     8 ||     8
  Use: Potion            |       |       |     5 ||     5
       Scroll            |       |       |     4 ||     4
 Stab: Sleeping          |       |     1 |       ||     1
  Eat: Chunk             |    11 |    18 |    26 ||    55
       Ration            |       |       |     1 ||     1
Armor: Robe              |    19 |    29 |    71 ||   119
Dodge: Dodged            |    32 |    61 |   123 ||   216

Table legend:
 A = Non-vault XP
 B = Vault XP
 C = Vault XP percentage of total XP
 D = Non-vault monster count
 E = Vault monster count
 F = Vault count percentage of total count
                 A         B        C        D         E       F
            +---------+---------+-------+---------+---------+-------
      Total |    3136 |     666 |  17.5 |     128 |       9 |   6.6
            +---------+---------+-------+---------+---------+-------
        D:1 |      44 |       0 |   0.0 |      24 |       0 |   0.0
        D:2 |     102 |       0 |   0.0 |      10 |       0 |   0.0
        D:3 |      90 |       0 |   0.0 |      27 |       0 |   0.0
        D:4 |     570 |     181 |  24.1 |      16 |       5 |  23.8
        D:5 |     657 |      36 |   5.2 |      14 |       1 |   6.7
        D:6 |    1085 |       0 |   0.0 |      25 |       0 |   0.0
        D:7 |     478 |     449 |  48.4 |      11 |       3 |  21.4
        D:8 |     110 |       0 |   0.0 |       1 |       0 |   0.0
            +---------+---------+-------+---------+---------+-------
